 Dungeon Crawl Stone Soup version 0.29-a0-824-gd827844252 (webtiles) character file.

Game seed: 11601042582460215271

8 blackman the Charlatan (level 2, 19/21 HPs)
             Began as a Demonspawn Artificer on July 9, 2022.
             Quit the game on level 1 of the Dungeon.
             The game lasted 00:01:02 (352 turns).

blackman the Charlatan (Demonspawn Artificer)        Turns: 352, Time: 00:01:03

Health: 19/21      AC:  3    Str: 12    XL:     2   Next: 0%
Magic:  2/2        EV: 11    Int: 12    God:
Gold:   0          SH:  0    Dex: 13    Spells: 1/1 levels left

rFire   . . .      SeeInvis .   g - +0 short sword
rCold   . . .      Faith    .   (no shield)
rNeg    . . .      Spirit   .   b - +0 leather armour
rPois   .          Reflect  .   (helmet restricted)
rElec   .          Harm     .   (no cloak)
rCorr   .          Rampage  .   (no gloves)
Will    .....                   (no boots)
Stlth   +.........              (no amulet)
HPRegen 0.07/turn               (no ring)
MPRegen 0.08/turn               (no ring)

@: no status effects
A: antennae 1
a: no special abilities


You were on level 1 of the Dungeon.
You visited 1 branch of the dungeon, and saw 1 of its levels.

Inventory:

Hand Weapons
 a - a +0 club
 g - a +0 short sword (weapon)
Armour
 b - a +0 leather armour (worn)
Wands
 c - a wand of flame (15) (quivered)
 d - a wand of charming (15)
 e - a wand of iceblast (9)
Potions
 f - a potion of degeneration {unknown}


   Skills:
 - Level 1.0 Fighting
 - Level 1.7 Armour
 - Level 0.8 Dodging
 - Level 0.8 Stealth
 * Level 3.5 Evocations


You had one spell level left.
You didn't know any spells.
Your spell library was empty.

Dungeon Overview and Level Annotations

Branches:
Dungeon (1/15)

Altars:


Innate Abilities, Weirdness & Mutations

You have a pair of small antennae on your head.


Message History

The hobgoblin is almost dead.
The hobgoblin misses you.
You hit the hobgoblin.
You kill the hobgoblin!
The endoplasm barely misses you.
You hit the endoplasm.
You kill the endoplasm!
No target in view!
No target in view!
No target in view!
No target in view!
No target in view!
No target in view!
No target in view!
No target in view!
No target in view!
No target in view!
No target in view!
No target in view!
No target in view!
No target in view!
A goblin comes into view. It is wielding a +0 club.
Sorry, you're not good enough to have a special ability.
A hobgoblin and a kobold come into view.
The goblin shouts!
The hobgoblin shouts!
The goblin barely misses you. The hobgoblin hits you.
The kobold shouts!
You hit the goblin.
The goblin is heavily wounded.
The goblin misses you. The hobgoblin barely misses you.
You hit the goblin.
You kill the goblin!
The hobgoblin hits you but does no damage.
You have reached level 2!
You feel monstrous as your demonic heritage exerts itself.
Your demonic ancestry asserts itself...
A pair of antennae grows on your head!
Sorry, you're not good enough to have a special ability.
Unknown command.
Are you sure you want to abandon this character and quit the game? (Confirm with "yes".)

#............# #.
#............#######.
#....................##
#................##....
#................##....
#................##....
#....#.####.....###....
#........######.##.....
#.....@..# #.........
#.....Kg.# #.........
#........# #....#....
#........# ########....
........... ............
..........##############
..........# .....######
###.## #<#...


You could see a hobgoblin and a kobold.

Vanquished Creatures
  An endoplasm (D:1)
  A giant cockroach (D:1)
  A goblin (D:1)
  A hobgoblin (D:1)
  2 jackals (D:1)
6 creatures vanquished.

Notes
Turn   | Place    | Note
-------+----------+-------------------------------------------
     0 | D:1      | blackman the Demonspawn Artificer began the quest for the
                  | Orb.
     0 | D:1      | Reached XP level 1. HP: 15/15 MP: 1/1
   352 | D:1      | Discovered your monstrous ancestry.
   352 | D:1      | Gained mutation: You have a pair of small antennae on your
                  | head. [demonic ancestry]
   352 | D:1      | Reached XP level 2. HP: 19/21 MP: 2/2
   352 | D:1      | Quit the game

Illustrated notes

Levels and vault maps discovered:
D:1:      erik_arrival_triangle_huge, layout_basic, minmay_misc_feat_enclosed

Action                   || total
-------------------------++-------
Melee: Club              ||    21
       Short sword       ||     7
       Punch             ||     1
Armor: Leather armour    ||    12
Dodge: Dodged            ||    26

Table legend: (Time is in decaauts)
 A = Elapsed time spent in this place.
 B = Non-inter-level travel time spent in this place.
 C = Inter-level travel time spent in this place.
 D = Time resting spent in this place.
 E = Time spent auto-exploring this place.
 F = Levels seen in this place.
 G = Mean time per level.
                   A        B        C        D        E       F      G
               +--------+--------+--------+--------+--------+-----+--------+
         Total |    358 |    354 |      4 |      0 |    296 |   1 |  358.0 |
       Dungeon |    358 |    354 |      4 |      0 |    296 |   1 |  358.0 |
               +--------+--------+--------+--------+--------+-----+--------+

Top non-repeatable levels by time:
     D:1: 358 daAuts
